 Dungeon Crawl Stone Soup version 0.16-a0-2150-g7556756 (webtiles) character file.

1248 ztt the Chopper (level 8, -5/109 HPs)
             Began as a Minotaur Berserker on Nov 13, 2014.
             Was a Priest of Trog.
             Slain by a green rat (9 damage)
             ... summoned by Eustachio
             ... on level 7 of the Dungeon.
             The game lasted 00:04:27 (1073 turns).

ztt the Chopper (Minotaur Berserker)                Turns: 1073, Time: 00:04:27

Health: -5/109     AC:  5    Str: 30    XL:     8   Next: 26%
Magic:  0/3        EV: 14    Int:  4    God:    Trog [***...]
Gold:   49         SH:  0    Dex:  9    Spells: 0 memorised, 7 levels left

rFire  . . .     SeeInvis .     a - +0 hand axe
rCold  . . .     Clarity  .     b - +0 animal skin
rNeg   . . .     SustAb   .     (no shield)
rPois  .         Gourm    .     (helmet restricted)
rElec  .         Spirit   +     (no cloak)
rCorr  .         Warding  .     (no gloves)
rMut   .         Stasis   .     f - +2 pair of boots
MR     .....                    i - amulet of guardian spirit
Stlth  ..........               (no ring)
                                (no ring)

@: berserking, very quick, not resistant to hostile enchantments, extremely
unstealthy
A: retaliatory headbutt, horns 2
a: Burn Spellbooks, Berserk, Trog's Hand, Renounce Religion


You were on level 7 of the Dungeon.
You worshipped Trog.
Trog was most pleased with you.
You were not hungry.

You visited 1 branch of the dungeon, and saw 7 of its levels.

You collected 49 gold pieces.

Inventory:

Hand weapons
 a - a +0 hand axe (weapon)
Armour
 b - a +0 animal skin (worn)
 f - a +2 pair of boots (worn)
 m - a +0 cloak
Jewellery
 i - an amulet of guardian spirit (around neck)
Magical devices
 h - a wand of flame (38)
Scrolls
 e - 2 scrolls of teleportation {unknown}
Potions
 d - a potion of agility {unknown}
 g - 2 potions of heal wounds
 j - a potion of invisibility {unknown}
 k - 2 potions of restore abilities {unknown}
Comestibles
 c - 2 bread rations


   Skills:
 + Level 7.5 Fighting
 + Level 7.8 Axes
 + Level 3.9 Armour
 + Level 6.3 Dodging


You had 7 spell levels left.
You didn't know any spells.

Dungeon Overview and Level Annotations

Branches:
Dungeon (7/15)
 Temple: D:4-7

Altars:
Vehumet

Annotations:
D:7 Eustachio


Innate Abilities, Weirdness & Mutations

You reflexively headbutt those who attack you in melee.
You have a pair of horns on your head.


Message History

Eustachio gestures wildly while chanting.
Eustachio blinks!
The white imp gestures at you. The puff of frost misses you.
The bat barely misses you. You furiously retaliate!
You headbutt the bat!
You kill the bat!
The bat's corpse disappears in a puff of smoke!
You slash the white imp!
You feel the power of Trog in you as your rage grows.
You kill the white imp!
You barely miss the iron imp.
Eustachio gestures wildly while chanting.
Eustachio blinks!
The iron imp hits you!
* * * LOW HITPOINT WARNING * * *
You slash the iron imp! Your headbutt misses the iron imp.
The iron imp is moderately wounded.
You hit the green rat.
The green rat is lightly wounded.
The green rat bites you!
You die...

##################
#.....5@.....@...#
#.##############.# .#
#.#......... # #.#
#5#.###########..## #.#
#.#.#.§..........<# ##
##.# #.#§5§.....###....#
.. ...# #..@r...##.# ...#
.#####..# #####.#.##.#
..# ........# ..#.#....#
.# .####...# #.#.###..# #
........# #.#.# #..#
........########.#.###..#
............<(..........#
............((........>.#
.......##....(.....#..#.#


You could see an iron imp and a green rat.

Vanquished Creatures
  The ghost of ztt the Shield-Bearer, an experienced MiFi of Okawaru (D:5)
  Edmund (D:6)
  A water moccasin (D:7)
  2 ogres
  3 giant frogs
  A big kobold (D:7)
  A giant frog skeleton (D:7)
  2 orc priests (D:7)
  A hound (D:7)
  An orc wizard (D:7)
  A worker ant (D:5)
  Terence (D:3)
  4 gnolls (D:7)
  2 white imps (D:7)
  2 giant mites
  3 ufetubi (D:7)
  A giant gecko (D:3)
  11 orcs
  2 giant cockroaches (D:3)
  4 hobgoblins
  4 jackals (D:7)
  5 kobolds
  5 quokkas
  6 bats
  A giant newt (D:7)
  A goblin (D:3)
67 creatures vanquished.

Notes
Turn   | Place    | Note
--------------------------------------------------------------
     0 | D:1      | ztt, the Minotaur Berserker, began the quest for the Orb.
     0 | D:1      | Reached XP level 1. HP: 19/19 MP: 1/1
   123 | D:3      | Reached XP level 2. HP: 21/27 MP: 1/1
   223 | D:3      | Noticed Terence
   233 | D:3      | Killed Terence
   233 | D:3      | Reached skill level 4 in Fighting
   265 | D:4      | Noticed an ogre
   270 | D:4      | Killed an ogre
   270 | D:4      | Reached XP level 3. HP: 35/35 MP: 2/2
   270 | D:4      | Reached XP level 4. HP: 41/41 MP: 2/2
   287 | D:5      | Entered Level 5 of the Dungeon
   287 | D:5      | Noticed ztt's ghost (experienced MiFi)
   313 | D:5      | Killed ztt's ghost
   313 | D:5      | Reached skill level 6 in Fighting
   313 | D:5      | Reached skill level 5 in Axes
   313 | D:5      | Reached XP level 5. HP: 37/50 MP: 2/2
   313 | D:5      | Reached XP level 6. HP: 41/57 MP: 3/3
   359 | D:5      | Acquired Trog's second power
   368 | D:6      | Noticed Edmund
   379 | D:6      | Reached XP level 7. HP: 53/63 MP: 3/3
   383 | D:6      | Killed Edmund
   384 | D:6      | Found a radiant altar of Vehumet.
   701 | D:7      | Reached skill level 7 in Fighting
   701 | D:7      | Reached skill level 5 in Dodging
   816 | D:7      | Reached XP level 8. HP: 40/73 MP: 2/3
   962 | D:7      | Noticed Eustachio
  1072 | D:7      | HP: 3/109 [iron imp[Eustachio] (7)]
  1073 | D:7      | Slain by a green rat

Action                   |  1- 3 |  4- 6 |  7- 9 || total
-------------------------+-------+-------+-------++-------
Melee: Hand axe          |    36 |    27 |   136 ||   199
Invok: Berserk           |     1 |     2 |     3 ||     6
  Use: Scroll            |       |       |     1 ||     1
       Potion            |       |       |     1 ||     1
  Eat: Chunk             |       |       |     4 ||     4
       Bread ration      |       |       |     1 ||     1
